 Dungeon Crawl Stone Soup version 0.28-a0-194-g42b4daccc1 (webtiles) character file.

Game seed: 17376837094677704483

453 Nattfarinn the Grave Robber (level 6, -8/55 HPs)
             Began as a Deep Dwarf Necromancer on Aug 17, 2021.
             Mangled by Menkaure (18 damage)
             ... on level 4 of the Dungeon.
             The game lasted 00:08:39 (4897 turns).

Nattfarinn the Grave Robber (DDNe)                  Turns: 4897, Time: 00:08:40

Health: -8/55      AC:  2    Str: 14    XL:     6   Next: 75%
Magic:  10/10      EV: 12    Int: 13    God:
Gold:   155        SH:  0    Dex: 13    Spells: 7/11 levels left

rFire   . . .      SeeInvis .   h - +2 falchion (flame)
rCold   . . .      Faith    .   (no shield)
rNeg    . . .      Spirit   .   a - +0 robe
rPois   .          Reflect  .   (no helmet)
rElec   +          Harm     .   (no cloak)
rCorr   .          Rampage  .   (no gloves)
Will    .....                   (no boots)
Stlth   ++........              (no amulet)
HPRegen 0.00/turn               t - +4 ring of slaying
MPRegen 0.12/turn               (no ring)

@: mighty, very slightly contaminated, hasted, invisible, very quick
A: damage resistance, heal wounds, sense surroundings 1, no regeneration, dopey
1, electricity resistance
a: Heal Wounds


You were on level 4 of the Dungeon.
You visited 1 branch of the dungeon, and saw 4 of its levels.
You also visited: Sewer.

You collected 155 gold pieces.

Inventory:

Hand Weapons
 h - a +2 falchion of flaming (weapon)
Armour
 a - a +0 robe (worn)
Jewellery
 t - a +4 ring of slaying (left hand)
Scrolls
 b - a scroll of teleportation {unknown}
 c - 3 scrolls of noise {unknown}
 d - a scroll of enchant weapon {unknown}
 e - 2 scrolls of amnesia {unknown}
 j - a scroll of fog {unknown}
 q - 5 scrolls of identify {unknown}
 s - a scroll of acquirement {unknown}
 u - a scroll of blinking {unknown}
Potions
 f - a potion of flight {unknown}
 g - a potion of mutation
 i - a potion of lignification {unknown}
 k - a potion of curing {unknown}
 l - a potion of invisibility
 m - 4 potions of haste
 n - a potion of might
 o - a potion of cancellation {unknown}
 p - a potion of heal wounds {unknown}
 r - a potion of magic {unknown}


   Skills:
 * Level 2.4 Fighting
 + Level 1.9 Armour
 - Level 2.1 Dodging
 - Level 2.4 Stealth
 - Level 3.2 Spellcasting
 - Level 7.1 Necromancy


You had 7 spell levels left.
You knew the following spells:

 Your Spells              Type           Power      Damage    Failure   Level
a - Pain                  Necr           80%        1d8       1%          1
b - Vampiric Draining     Necr           10%        2d7       3%          3

Your spell library contained the following spells:

 Spells                   Type           Power      Damage    Failure   Level
 Animate Skeleton         Necr           40%        N/A       1%          1
 Animate Dead             Necr           10%        N/A       12%         4
 Corona                   Hex            2%         N/A       22%         1
 Agony                    Necr           20%        N/A       32%         5
 Blink                    Tloc           N/A        N/A       34%         2
 Ensorcelled Hibernation  Hex/Ice        4%         N/A       34%         2
 Lesser Beckoning         Tloc           1%         N/A       56%         3
 Tukima's Dance           Hex            2%         N/A       56%         3
 Manifold Assault         Tloc           2%         N/A       99%         5


Dungeon Overview and Level Annotations

Branches:
Dungeon (4/15)              Sewer (visited)
 Temple: D:4-7

Altars:
Ashenzari
Fedhas
Kikubaaqudgha
Qazlal

Shops:
D:2 (**

Annotations:
D:4 Menkaure


Innate Abilities, Weirdness & Mutations

You are resistant to damage.
You can heal yourself by infusing magical energy.
You passively map a small area around you.
You do not regenerate.
You are dopey. (Int -2)
You are resistant to electric shocks. (rElec)


Message History

Your magical contamination has completely faded away.
You slash the gnoll! You burn the gnoll.
You kill the gnoll!
Things that are here:
a +0 spear; a gnoll corpse
Things that are here:
a +0 club; a gnoll corpse You now have 155 gold pieces (gained 7).
Things that are here:
a +0 spear; a gnoll corpse You see here a +0 spear.
Things that are here:
a +0 spear; a scorpion corpse
q - 5 scrolls labelled JYUROF EKOT (gained 3)
Found 24 arrows.
You see here 24 arrows.
Found a stone staircase leading up.
Found a pair of boots.
Menkaure, Prince of Dust comes into view.
Menkaure shouts!
You aren't carrying any items that you can evoke.
It was a potion of haste.
You feel yourself speed up.
It was a potion of mutation.
You feel extremely strange.
You feel stupid.
You feel insulated.
It was a potion of invisibility.
You fade into invisibility!
You are very lightly contaminated with residual magic.
It was a potion of might.
You feel very mighty all of a sudden.
Menkaure calls on the powers of darkness!
Your body is wracked with pain!
* * * LOW HITPOINT WARNING * * *
Unknown command.
Menkaure barely misses you.
You riposte.
You slash Menkaure! You burn Menkaure.
Menkaure is severely damaged.
Unknown command.
You hit Menkaure. You burn Menkaure.
Menkaure is almost destroyed.
Menkaure hits you!!
You die...

* * , #
*...###........#
, ##
#...#.........#
,, .##
*#...........#
,, ..##
#..........#*
#..##
#........### * ,
##..##
#.....[..... ,
##..##
#..M.#...# ,,
##..## #.@...# ,
##..## ##..###
##..## ##..##
##..## ##..## *
#...###..##
##...#..## *
##....##
##..######
##......##


You could see Menkaure.

Vanquished Creatures
  A scorpion (D:4)
  A water moccasin skeleton (D:4)
  An orc priest (D:3)
  An iguana (D:3)
  An orc wizard (D:3)
  4 gnolls (D:4)
  8 river rats (Sewer)
  4 adders
  3 dart slugs
  2 orcs (D:3)
  3 bats
  5 endoplasms
  4 giant cockroaches
  4 hobgoblins
  4 jackals (D:2)
  24 kobolds
  5 quokkas
  13 ball pythons
  6 frilled lizards
  9 goblins
  24 rats
127 creatures vanquished.

Notes
Turn   | Place    | Note
-------+----------+-------------------------------------------
     0 | D:1      | Nattfarinn the Deep Dwarf Necromancer began the quest for
                  | the Orb.
     0 | D:1      | Reached XP level 1. HP: 15/15 MP: 3/3
   353 | D:1      | Reached XP level 2. HP: 22/22 MP: 1/5
   670 | D:1      | Reached skill level 5 in Necromancy
  1017 | D:2      | Found Ifimmut's Antique Weapon Boutique.
  1060 | D:2      | Found Oluhec's General Store.
  1064 | D:2      | Found Jipyi's Assorted Antiques.
  1071 | D:2      | Reached XP level 3. HP: 15/28 MP: 4/6
  1075 | D:2      | Learned a level 3 spell: Vampiric Draining
  1538 | D:2      | Found a blossoming altar of Fedhas.
  2155 | D:3      | Reached XP level 4. HP: 36/36 MP: 3/7
  2177 | D:3      | Reached skill level 6 in Necromancy
  2222 | D:3      | Found a glowing drain.
  2235 | Sewer    | Entered a sewer
  2309 | Sewer    | Reached XP level 5. HP: 38/42 MP: 2/9
  3019 | Sewer    | Reached skill level 7 in Necromancy
  3769 | D:3      | Reached XP level 6. HP: 38/49 MP: 6/10
  3860 | D:3      | Found a stormy altar of Qazlal.
  4043 | D:3      | Found a broken altar of Ashenzari.
  4137 | D:3      | Found a faded altar of an unknown god.
  4434 | D:3      | Found an ancient bone altar of Kikubaaqudgha.
  4524 | D:4      | Reached skill level 1 in Fighting
  4524 | D:4      | Reached skill level 1 in Armour
  4889 | D:4      | Noticed Menkaure
  4892 | D:4      | Gained mutation: You are dopey. (Int -2) [potion of
                  | mutation]
  4892 | D:4      | Gained mutation: You are resistant to electric shocks.
                  | (rElec) [potion of mutation]
  4897 | D:4      | Mangled by Menkaure

Illustrated notes

Levels and vault maps discovered:
D:1:      amcnicky_arrival_flooded_fountain, layout_loops_ring,
          minmay_pentomino_w2
D:2:      layout_loops_ring, serial_shops, nicolae_diamond_shop, shop, shop,
          serial_aquarium, aquarium_bridge_straight [aquarium_subvault_bridge,
          aquarium_subvault_balcony, aquarium_subvault_bridge,
          aquarium_subvault_wall], aquarium_window_1, aquarium_window_double,
          aquarium_view_2a, aquarium_balcony_5a, aquarium_pool_1, basic_altar
D:3:      layout_loops_ring, mainiacjoe_overflow_six_doors_small,
          mainiacjoe_overflow_surrounded_room,
          mainiacjoe_overflow_small_starburst, portal_sewer_entry_a,
          ebering_ecumenical_altar_abandoned, grunt_decor_junction,
          kennysheep_generic_room_2
D:4:      layout_cave_pods, uniq_eustachio, uniq_menkaure

Skill      XL: |  1  2  3  4  5  6 |
---------------+-------------------+-----
Spellcasting   | 2 3 |  3.2
Necromancy     | 5 6 7 |  7.1
Fighting       | 2 |  2.4
Armour         | 1 |  1.9
Dodging        | |  2.1
Stealth        | |  2.4

Action                   |  1- 3 |  4- 6 || total
-------------------------+-------+-------++-------
Melee: Unarmed           |    29 |       ||    29
       Falchion          |    28 |    80 ||   108
 Cast: Pain              |    44 |       ||    44
       Vampiric Draining |    13 |    53 ||    66
  Use: Potion            |       |     4 ||     4
 Stab: Sleeping          |     1 |       ||     1
Armor: Robe              |    13 |    30 ||    43
Dodge: Dodged            |    43 |    85 ||   128
       Rpst.: Falchion   |    13 |    25 ||    38

Table legend: (Time is in decaauts)
 A = Elapsed time spent in this place.
 B = Non-inter-level travel time spent in this place.
 C = Inter-level travel time spent in this place.
 D = Time resting spent in this place.
 E = Time spent auto-exploring this place.
 F = Levels seen in this place.
 G = Mean time per level.
                   A        B        C        D        E       F      G
               +--------+--------+--------+--------+--------+-----+--------+
         Total |   4937 |   4863 |     74 |     49 |   4120 |   5 |  987.4 |
       Dungeon |   3519 |   3445 |     74 |      0 |   2979 |   4 |  879.8 |
         Sewer |   1417 |   1417 |      0 |     49 |   1141 |   1 | 1417.0 |
               +--------+--------+--------+--------+--------+-----+--------+

Top non-repeatable levels by time:
   Sewer: 1417 daAuts
     D:2: 1101 daAuts
     D:1: 1017 daAuts
     D:3: 996 daAuts
     D:4: 404 daAuts
